 Dungeon Sprint DCSS version 0.17-a0-1570-g74b7129 (webtiles) character file.

132 nuthulu the Fighter (level 7, -11/73 HPs)
             Began as a Minotaur Fighter on July 23, 2015.
             Was a Believer of Okawaru.
             Mangled by a giant anaconda (14 damage)
             ... in the Dungeon (Sprint VI: "Thunderdome").
             The game lasted 00:04:20 (677 turns).

nuthulu the Fighter (Minotaur Fighter)               Turns: 677, Time: 00:04:21

Health: -11/73     AC: 12    Str: 20    XL:     7   Next: 85%
Magic:  13/15      EV: 12    Int:  5    God:    Okawaru [**....]
Gold:   55         SH: 11    Dex: 12    Spells: 0 memorised, 6 levels left

rFire  . . .     SeeInvis .     f - +0 broad axe
rCold  + . .     Clarity  .     b - +0 scale mail
rNeg   + + .     SustAt   .     c - +0 shield
rPois  .         Gourm    .     (helmet restricted)
rElec  +         Spirit   .     t - +0 cloak
rCorr  .         Warding  .     (no gloves)
rMut   .         NoTele   +     (no boots)
MR     +....                    p - amulet of False Pretenses {Faith +Inv rN+ MP+9 Stlth+}
Stlth  +.........               r - ring of the Omega Point {rElec rN+ Stlth-}
                                q - ring "Rocs" {*Contam +Blink rC+ MR+}

@: lethally poisoned (-11 -> -37), heroism, constricted, somewhat resistant to
hostile enchantments, very unstealthy
A: retaliatory headbutt, horns 2
a: Heroism, Renounce Religion, Evoke Blink, Evoke Invisibility


You were in the Dungeon.
You worshipped Okawaru.
Okawaru was pleased with you.
You were not hungry.

You visited 1 branch You collected 310 gold pieces.
You spent 255 gold pieces at shops.

Inventory:

Hand weapons
 a - a +0 war axe
 f - a +0 broad axe (weapon)
Armour
 b - a +0 scale mail (worn)
 c - a +0 shield (worn)
 t - a +0 cloak (worn)
Jewellery
 p - the amulet of False Pretenses (around neck) {Faith +Inv rN+ MP+9 Stlth+}
   (You bought it in a shop in the Dungeon)

   [amulet of faith]

   It allows you to gain divine favour quickly.
   It protects you from negative energy.
   It affects your magic capacity (+9).
   It lets you turn invisible.
   It makes you more stealthy.
 q - the ring "Rocs" (left hand) {*Contam +Blink rC+ MR+}
   (You bought it in a shop in the Dungeon)

   [ring of protection from magic]

   It protects you from cold.
   It affects your resistance to hostile enchantments.
   It lets you blink.
   It causes magical contamination when unequipped.
 r - the ring of the Omega Point (right hand) {rElec rN+ Stlth-}
   (You bought it in a shop in the Dungeon)

   [ring of loudness]

   It insulates you from electricity.
   It protects you from negative energy.
   It makes you less stealthy.
Magical devices
 l - a wand of cold (2)
 m - a wand of fire (1)
Scrolls
 k - 4 scrolls of blinking
 n - 3 scrolls of fog
Potions
 d - a potion of might
 g - 3 potions of heal wounds
 h - 4 potions of haste
 i - 2 potions of magic
 j - a potion of berserk rage
 o - a potion of resistance
Comestibles
 e - a bread ration


   Skills:
 + Level 10.9(15.9) Fighting
 + Level 10.6(15.6) Axes
 + Level 10.8(15.8) Armour
 + Level 9.3(14.3) Dodging
 - Level 3.6(8.6) Shields


You had 6 spell levels left.
You didn't know any spells.

Dungeon Overview and Level Annotations

Branches:
Dungeon (1/1)

Altars:
Cheibriados
Dithmenos
Fedhas
Gozag
Kikubaaqudgha
Makhleb
Okawaru
Qazlal
Ru
Sif Muna
Trog
Vehumet
Xom
Yredelemnul
Zin
The Shining One
Jiyva
Lugonu

Shops:
D *[%??*?*:[((!!!!


Innate Abilities, Weirdness & Mutations

You reflexively headbutt those who attack you in melee.
You have a pair of horns on your head.


Message History

You block the giant anaconda's attack.
* * * LOW HITPOINT WARNING * * *
The giant anaconda constricts you. You block the black mamba's attack.
The giant anaconda barely misses you. You furiously retaliate!
You headbutt the giant anaconda!
* * * LOW HITPOINT WARNING * * *
The giant anaconda constricts you.
You hit the black mamba but do no damage.
Your headbutt misses the black mamba.
The black mamba is severely wounded.
You hit the giant anaconda.
The giant anaconda is lightly wounded.
* * * LOW HITPOINT WARNING * * *
You feel sick. You block the black mamba's attack.
You block the giant anaconda's attack. The giant anaconda constricts you.
The black mamba bites you.
* * * LOW HITPOINT WARNING * * *
You are more poisoned.
The black mamba poisons you! The giant anaconda bites you!
You die...

#⌠...........⌠#
######)8.........8.######
##∩_._......###......___∩#
###∩%.%.%.).8.# #.8........∩
##(.......%....###...........
#⌠.......%..###...###........
#§.(%.%..$..# #.<.# #........
#§.........S###...###........
##.........S@..###...........
###∩%.......8.# #.8........∩
##∩___%.....###......___∩#
######.8.........8.######
#⌠...........⌠#
###.........### #_........#
#........_# #_......†_#


You could see a giant anaconda and a black mamba.

Vanquished Creatures
  A tarantella (D)
  6 spiders (D)
  2 brain worms (D)
  A hound (D)
  Crazy Yiuf (D)
  4 gnolls (D)
  A worm (D)
  6 kobolds (D)
22 creatures vanquished.

Vanquished Creatures (others)
  A kobold (D)
1 creature vanquished.

Grand Total: 23 creatures vanquished

Notes
Turn   | Place    | Note
--------------------------------------------------------------
     0 | D        | nuthulu the Minotaur Fighter began the quest for the Orb.
     0 | D        | Reached XP level 1. HP: 19/19 MP: 0/0
     1 | D        | Found an opulent altar of Gozag.
     1 | D        | Found a stormy altar of Qazlal.
     2 | D        | Found a sacrificial altar of Ru.
     2 | D        | Found a deep blue altar of Sif Muna.
     3 | D        | Found a corrupted altar of Lugonu.
     4 | D        | Found Liunwubaps's Staff Store.
     4 | D        | Found Qywkul's Magic Scroll Shop.
     5 | D        | Found Zemihet's Must-Have Magic.
     5 | D        | Found Sainnyb's Magic Scroll Shop.
     5 | D        | Round 1.
     7 | D        | Found a bloodstained altar of Trog.
     8 | D        | Found Qifruu's Distillery.
     9 | D        | Found Mimint's Distillery.
     9 | D        | Found Kaugifid's Bottled Wisdom.
     9 | D        | Found a shadowy altar of Dithmenos.
     9 | D        | Found a shimmering altar of Xom.
     9 | D        | Found a glowing golden altar of the Shining One.
     9 | D        | Found Porghim's Do-It-Yourself Clinic.
    14 | D        | Found a radiant altar of Vehumet.
    15 | D        | Found a snail-covered altar of Cheibriados.
    16 | D        | Found a blossoming altar of Fedhas.
    16 | D        | Found a glowing silver altar of Zin.
    16 | D        | Found Tyeg Owo's Weapon Rack.
    16 | D        | Found Kumaeg's Premium Goods.
    17 | D        | Found Milios's Basic Armour.
    17 | D        | Found Nyham's Miscellaneous Merchandise.
    20 | D        | Found a viscous altar of Jiyva.
    21 | D        | Found a basalt altar of Yredelemnul.
    22 | D        | Found a burning altar of Makhleb.
    23 | D        | Found Toehu's Identification Station.
    24 | D        | Found Zetasid's Advanced Armour.
    24 | D        | Found Itekk's Jewellery.
    25 | D        | Found an ancient bone altar of Kikubaaqudgha.
    25 | D        | Found an iron altar of Okawaru.
    25 | D        | Found Vobrosyn's Bee Food.
    34 | D        | Reached skill level 4 in Fighting
    34 | D        | Reached skill level 1 in Dodging
    34 | D        | Reached XP level 2. HP: 24/28 MP: 1/1
    75 | D        | Became a worshipper of Warmaster Okawaru
    78 | D        | Bought a warped pewter amulet for 45 gold pieces
    78 | D        | Bought a fine copper ring for 45 gold pieces
    78 | D        | Bought a warped amber ring for 45 gold pieces
    78 | D        | Identified the amulet of False Pretenses {Faith +Inv rN+ MP+9 Stlth+} (You bought it in a shop in the Dungeon)
    79 | D        | Identified the ring "Rocs" {*Contam +Blink rC+ MR+} (You bought it in a shop in the Dungeon)
    80 | D        | Identified the ring of the Omega Point {rElec rN+ Stlth-} (You bought it in a shop in the Dungeon)
    92 | D        | Reached skill level 5 in Fighting
    92 | D        | Reached skill level 5 in Armour
    92 | D        | Reached XP level 3. HP: 19/36 MP: 2/2
    97 | D        | Reached skill level 5 in Axes
   105 | D        | Noticed Crazy Yiuf
   110 | D        | Killed Crazy Yiuf
   110 | D        | Reached skill level 6 in Fighting
   110 | D        | Reached XP level 4. HP: 17/44 MP: 2/3
   123 | D        | HP: 2/44 [gnoll/halberd of chopping (4)]
   124 | D        | Arena points: 14 (+14) [x2]
   190 | D        | Round 2.
   191 | D        | Noticed a brain worm
   198 | D        | Killed a brain worm
   198 | D        | Acquired Okawaru's first power
   198 | D        | Reached skill level 7 in Fighting
   198 | D        | Reached skill level 5 in Dodging
   198 | D        | Reached XP level 5. HP: 14/52 MP: 4/4
   200 | D        | Noticed a brain worm
   200 | D        | Noticed a spider
   204 | D        | HP: 1/52 [poisoned by a spider]
   204 | D        | Killed a spider
   204 | D        | Reached skill level 8 in Fighting
   213 | D        | HP: 1/53 [worm (8)]
   219 | D        | Killed a brain worm
   219 | D        | Reached XP level 6. HP: 2/62 MP: 5/5
   227 | D        | Noticed a spider
   234 | D        | Killed a spider
   234 | D        | Reached skill level 9 in Fighting
   245 | D        | Arena points: 50 (+36) [x3]
   260 | D        | Round 3.
   315 | D        | Reached skill level 10 in Fighting
   315 | D        | Reached skill level 10 in Armour
   315 | D        | Reached XP level 7. HP: 26/72 MP: 6/6
   317 | D        | Reached skill level 10 in Axes
   318 | D        | Bought a +0 broad axe for 120 gold pieces
   408 | D        | Noticed a tarantella
   416 | D        | Killed a tarantella
   418 | D        | Arena points: 68 (+18) [x1]
   433 | D        | Round 4.
   452 | D        | HP: 2/73 [kamikaze kobold/exploding inner flame (27)]
   518 | D        | Arena points: 132 (+64) [x2]
   595 | D        | Round 5.
   665 | D        | Noticed a black mamba
   666 | D        | Noticed a giant anaconda
   677 | D        | HP: 3/73 [black mamba (5)]
   677 | D        | Mangled by a giant anaconda

Vault maps used:
D:        arena_sprint

Action                   |  1- 3 |  4- 6 |  7- 9 || total
-------------------------+-------+-------+-------++-------
Melee: War axe           |    19 |    31 |     2 ||    52
       Broad axe         |       |       |    19 ||    19
Invok: Heroism           |       |       |     2 ||     2
Evoke: Wand              |       |       |     7 ||     7
  Use: Potion            |       |     2 |       ||     2
